Connexion

Barracuda vs Bears

Created - 27 décembre 2023 at 05:45

Goals
1 2 3 OT1 SO T
Barracuda 2 0 1 0 2 4
Bears 1 2 0 0 1 3
Shots
1 2 3 OT1 SO T
Barracuda 9 2 12 6 4 29
Bears 14 21 10 4 4 49

GoalsPenalties
1st period
1. Barracuda , Alex Dostie 10 (Andy Welinski 37, Brent Gates 33) at 3:19
2. Bears , Joona Luoto 23 (Jay Beagle 9, Dennis Gilbert 16) at 8:59 (PP)
3. Barracuda , Graham Knott 8 (Andrei Altybarmakyan 8, Bode Wilde 18) at 9:16
Jordie Benn (HER) for Holding (Minor) at 1:04
Nicolas Meloche (SAN) for Slashing (Double Minor) at 5:10
Tyrell Goulbourne (HER) for Goalie Interference (Minor) at 15:16
2nd period
4. Bears , Cole Koepke 37 (Justin Dowling 40, Arttu Ruotsalainen 21) at 2:47
5. Bears , Chad Krys 5 (Arttu Ruotsalainen 22, Justin Dowling 41) at 15:10 (PP)
Trent Frederic (SAN) for Tripping (Minor) at 13:58
Scott Harrington (SAN) for Holding (Minor) at 17:32
3rd period
6. Barracuda , Nicolas Meloche 8 (Alex Dostie 13, Brent Gates 34) at 9:06 (PP)
Cole Koepke (HER) for Roughing (Minor) at 7:31
Overtime #1
No Goal
Shootout
Barracuda, Adam Cracknell - Stopped by Mikhal Berdin
Bears , Cole Koepke - Goal!
Barracuda, Trent Frederic - Goal!
Bears , Arttu Ruotsalainen - Stopped by Ken Appleby
Barracuda, Brent Gates - Stopped by Mikhal Berdin
Bears , Justin Dowling - Shot Misses the Net
Barracuda, Matthew Phillips - Goal!
Bears , Joona Luoto - Stopped by Ken Appleby
Goalie Stats
Ken Appleby (SAN), 46 saves from 49 shots - (0,939), W, 31-15-5, 65:00 minutes
Mikhal Berdin (HER), 26 saves from 29 shots - (0,897), OTL, 14-14-4, 65:00 minutes
3 StarsOfficial
1 - Alex Dostie (SAN)
2 - Ken Appleby (SAN)
3 - Brent Gates (SAN)
Referees : Dave Jackson and Dan O'Rourke
Linesman : David Brisebois and Jean Morin
Game Note
No Game Note
Finance
Level 1 -- Attendance: 1934 (96,70%) -- Ticket Income $58,020
Level 2 -- Attendance: 991 (99,10%) -- Ticket Income $17,838
Total Attendance: 2925 (97,50%)
Total Ticket Income: $75,858
Other Income: $15,172
Total Income: $91,030



Team Name Goals Shots Shots Attemp Shots Blocked PIM HIT PP PK FO%
Barracuda 42960108271 / 3 (33%)249%
Bears 3498586232 / 4 (50%)151%

Barracuda
Player Name POS G A P +/- PIM HIT SHT SB MP PP MP PP SHT PK MP PK SHT FO% FOT
Adam Cracknell C/LW/RW000-1000026:222:5003:42053% 36
Albin GreweLW000000000:180:1800:0000% 0
Alex DostieC/LW1121025023:272:2511:28043% 7
Alexis D'AoustC/RW0001020118:312:2500:0000% 0
Anatoly GolyshevLW/RW000000004:470:1800:0000% 0
Andrei AltybarmakyanRW0111012011:310:0000:000100% 1
Andy WelinskiD0111012121:002:3913:0400% 0
Bode WildeD0111021215:180:0002:1800% 0
Brent GatesC/LW0221030020:472:2502:16048% 21
Fredrik OlofssonC/LW000000105:220:0000:0000% 3
Graham KnottC/LW1011024017:020:0002:00067% 6
Jordy BelleriveC0001000011:490:1800:00050% 20
Julius BergmanD0001020113:460:1800:2800% 0
Matthew PhillipsC/RW000-1002120:272:5012:1600% 2
Nicolas MelocheD101-1451127:222:3611:5900% 0
Robert BortuzzoD000-1010325:362:5403:3200% 0
Scott HarringtonD0001214021:562:3922:3900% 0
Trent FredericC/LW000-1257022:362:5032:18040% 5
Bears
Player Name POS G A P +/- PIM HIT SHT SB MP PP MP PP SHT PK MP PK SHT FO% FOT
Andreas BorgmanD0000002013:300:0001:1300% 0
Arttu RuotsalainenC0221049025:453:4423:30036% 25
Austin WatsonC/LW/RW000-1002011:190:0000:00059% 17
Beck MalenstynLW000-1013013:100:0001:51067% 3
Buddy RobinsonRW000-1023020:533:1610:0000% 0
Chad KrysD101-1017222:313:3272:0700% 0
Christoffer EhnC/LW000001007:010:0000:00063% 8
Cole KoepkeLW1010236027:273:4411:30033% 6
Dennis GilbertD011-1010222:313:3202:0700% 0
Gustav OlofssonD0000013127:482:5433:0800% 0
Jay BeagleC/RW011-1015120:533:1620:00055% 22
Joona LuotoLW/RW101-1005022:132:5611:40050% 2
Jordie BennD0000240025:103:0802:1300% 0
Justin DowlingC/LW/RW0221021020:563:4402:17069% 13
Kyle BurroughsD0000000213:290:5400:1800% 0
Maxim LetunovC000000102:300:2000:00050% 4
Ryan GroppLW000000103:150:0000:1800% 0
Tyrell GoulbourneLW000022109:030:0000:0000% 1



Play-by-Play

1st period


0:01 of 1st period - Adam Cracknell wins face-off versus Arttu Ruotsalainen in neutral zone.
0:19 of 1st period - Shot by Adam Cracknell .
0:19 of 1st period - Shot Blocked by Gustav Olofsson.
0:35 of 1st period - Adam Cracknell is hit by Arttu Ruotsalainen and loses puck.
0:41 of 1st period - Nicolas Meloche is hit by Jordie Benn and loses puck.
0:53 of 1st period - Brent Gates is hit by Jordie Benn and loses puck.
0:59 of 1st period - Icing by Cole Koepke.
1:00 of 1st period - Jordy Bellerive wins face-off versus Cole Koepke in Bears zone.
1:04 of 1st period - Minor Penalty to Jordie Benn for Holding.
1:05 of 1st period - Beck Malenstyn wins face-off versus Brent Gates in Bears zone.
1:05 of 1st period - Beck Malenstyn is hit by Alex Dostie.
1:33 of 1st period - Shot by Alex Dostie.
1:33 of 1st period - Stopped by Mikhal Berdin without a rebound.
1:34 of 1st period - Adam Cracknell wins face-off versus Cole Koepke in Bears zone.
1:35 of 1st period - Shot by Trent Frederic.
1:35 of 1st period - Stopped by Mikhal Berdin without a rebound.
1:36 of 1st period - Adam Cracknell wins face-off versus Cole Koepke in Bears zone.
1:51 of 1st period - Shot by Trent Frederic.
1:51 of 1st period - Stopped by Mikhal Berdin without a rebound.
1:52 of 1st period - Justin Dowling wins face-off versus Brent Gates in Bears zone.
1:52 of 1st period - Justin Dowling is hit by Alexis D'Aoust.
2:04 of 1st period - Shot by Andy Welinski.
2:04 of 1st period - Shot Blocked by Dennis Gilbert.
2:16 of 1st period - Shot by Scott Harrington.
2:16 of 1st period - Stopped by Mikhal Berdin without a rebound.
2:17 of 1st period - Justin Dowling wins face-off versus Adam Cracknell in Bears zone.
2:28 of 1st period - Shot by Nicolas Meloche.
2:28 of 1st period - Shot Misses the Net.
3:11 of 1st period - Shot by Brent Gates.
3:11 of 1st period - Shot Misses the Net.
3:19 of 1st period - Shot by Alex Dostie.
3:19 of 1st period - Goal by Alex Dostie - Barracuda : 1 - Bears : 0.
3:20 of 1st period - Austin Watson wins face-off versus Jordy Bellerive in neutral zone.
3:41 of 1st period - Icing by Cole Koepke.
3:42 of 1st period - Austin Watson wins face-off versus Brent Gates in Bears zone.
3:55 of 1st period - Shot by Cole Koepke.
3:55 of 1st period - Deflect By Beck Malenstyn.
3:55 of 1st period - Stopped by Ken Appleby with a rebound.
3:57 of 1st period - Shot by Andreas Borgman.
3:57 of 1st period - Stopped by Ken Appleby without a rebound.
3:58 of 1st period - Adam Cracknell wins face-off versus Jay Beagle in Barracuda zone.
4:20 of 1st period - Shot by Matthew Phillips.
4:20 of 1st period - Deflect By Adam Cracknell .
4:20 of 1st period - Shot Misses the Net.
4:27 of 1st period - Joona Luoto is hit by Trent Frederic and loses puck.
4:56 of 1st period - Robert Bortuzzo is hit by Arttu Ruotsalainen and loses puck.
5:05 of 1st period - Shot by Christoffer Ehn.
5:05 of 1st period - Shot Blocked by Nicolas Meloche.
5:10 of 1st period - Double Minor Penalty to Nicolas Meloche for Slashing.
5:11 of 1st period - Cole Koepke wins face-off versus Graham Knott in Barracuda zone.
5:18 of 1st period - Shot by Gustav Olofsson.
5:18 of 1st period - Shot Misses the Net.
5:22 of 1st period - Shot by Justin Dowling.
5:22 of 1st period - Deflect By Cole Koepke.
5:22 of 1st period - Stopped by Ken Appleby without a rebound.
5:23 of 1st period - Graham Knott wins face-off versus Arttu Ruotsalainen in Barracuda zone.
5:38 of 1st period - Shot by Cole Koepke.
5:38 of 1st period - Shot Misses the Net.
5:40 of 1st period - Shot by Jordie Benn.
5:40 of 1st period - Shot Misses the Net.
5:42 of 1st period - Shot by Jordie Benn.
5:42 of 1st period - Shot Misses the Net.
6:12 of 1st period - Joona Luoto is hit by Trent Frederic and loses puck.
6:28 of 1st period - Bode Wilde is hit by Buddy Robinson and loses puck.
7:25 of 1st period - Shot by Jay Beagle.
7:25 of 1st period - Stopped by Ken Appleby without a rebound.
7:26 of 1st period - Jay Beagle wins face-off versus Adam Cracknell in Barracuda zone.
7:39 of 1st period - Shot by Gustav Olofsson.
7:39 of 1st period - Stopped by Ken Appleby with a rebound.
7:41 of 1st period - Shot by Jay Beagle.
7:41 of 1st period - Shot Blocked by Robert Bortuzzo.
7:43 of 1st period - Shot by Maxim Letunov.
7:43 of 1st period - Shot Misses the Net.
7:45 of 1st period - Shot by Gustav Olofsson.
7:45 of 1st period - Stopped by Ken Appleby without a rebound.
7:46 of 1st period - Adam Cracknell wins face-off versus Arttu Ruotsalainen in Barracuda zone.
8:03 of 1st period - Shot by Cole Koepke.
8:03 of 1st period - Shot Misses the Net.
8:05 of 1st period - Shot by Cole Koepke.
8:05 of 1st period - Shot Blocked by Bode Wilde.
8:13 of 1st period - Shot by Chad Krys.
8:13 of 1st period - Stopped by Ken Appleby without a rebound.
8:14 of 1st period - Jay Beagle wins face-off versus Adam Cracknell in Barracuda zone.
8:26 of 1st period - Shot by Gustav Olofsson.
8:26 of 1st period - Stopped by Ken Appleby without a rebound.
8:27 of 1st period - Brent Gates wins face-off versus Cole Koepke in Barracuda zone.
8:40 of 1st period - Shot by Arttu Ruotsalainen.
8:40 of 1st period - Stopped by Ken Appleby without a rebound.
8:41 of 1st period - Jay Beagle wins face-off versus Adam Cracknell in Barracuda zone.
8:59 of 1st period - Shot by Joona Luoto.
8:59 of 1st period - Goal by Joona Luoto - Barracuda : 1 - Bears : 1.
9:00 of 1st period - Jordy Bellerive wins face-off versus Austin Watson in neutral zone.
9:03 of 1st period - Austin Watson is hit by Andrei Altybarmakyan and loses puck.
9:14 of 1st period - Shot by Andrei Altybarmakyan.
9:14 of 1st period - Shot Misses the Net.
9:16 of 1st period - Shot by Graham Knott.
9:16 of 1st period - Goal by Graham Knott - Barracuda : 2 - Bears : 1.
9:17 of 1st period - Christoffer Ehn wins face-off versus Brent Gates in neutral zone.
9:25 of 1st period - Arttu Ruotsalainen is hit by Nicolas Meloche and loses puck.
9:34 of 1st period - Shot by Arttu Ruotsalainen.
9:34 of 1st period - Shot Blocked by Robert Bortuzzo.
9:36 of 1st period - Shot by Andreas Borgman.
9:36 of 1st period - Stopped by Ken Appleby without a rebound.
9:37 of 1st period - Adam Cracknell wins face-off versus Jay Beagle in Barracuda zone.
9:55 of 1st period - Shot by Matthew Phillips.
9:55 of 1st period - Shot Misses the Net.
9:57 of 1st period - Shot by Andy Welinski.
9:57 of 1st period - Stopped by Mikhal Berdin without a rebound.
9:58 of 1st period - Arttu Ruotsalainen wins face-off versus Brent Gates in Bears zone.
10:19 of 1st period - Shot by Arttu Ruotsalainen.
10:19 of 1st period - Shot Misses the Net.
11:11 of 1st period - Shot by Trent Frederic.
11:11 of 1st period - Stopped by Mikhal Berdin without a rebound.
11:12 of 1st period - Jordy Bellerive wins face-off versus Jay Beagle in Bears zone.
11:16 of 1st period - Icing by Buddy Robinson.
11:17 of 1st period - Jay Beagle wins face-off versus Jordy Bellerive in Bears zone.
11:25 of 1st period - Off-side.
11:26 of 1st period - Brent Gates wins face-off versus Jay Beagle in neutral zone.
11:29 of 1st period - Jay Beagle is hit by Brent Gates and loses puck.
12:09 of 1st period - Icing by Gustav Olofsson.
12:10 of 1st period - Jay Beagle wins face-off versus Adam Cracknell in Bears zone.
12:10 of 1st period - Jay Beagle is hit by Trent Frederic.
12:30 of 1st period - Icing by Andy Welinski.
12:31 of 1st period - Arttu Ruotsalainen wins face-off versus Adam Cracknell in Barracuda zone.
12:46 of 1st period - Shot by Trent Frederic.
12:46 of 1st period - Shot Misses the Net.
12:53 of 1st period - Icing by Andreas Borgman.
12:54 of 1st period - Justin Dowling wins face-off versus Jordy Bellerive in Bears zone.
12:59 of 1st period - Jordy Bellerive is hit by Justin Dowling and loses puck.
13:31 of 1st period - Graham Knott is hit by Cole Koepke and loses puck.
13:41 of 1st period - Icing by Andreas Borgman.
13:42 of 1st period - Justin Dowling wins face-off versus Matthew Phillips in Bears zone.
13:44 of 1st period - Icing by Kyle Burroughs.
13:45 of 1st period - Arttu Ruotsalainen wins face-off versus Adam Cracknell in Bears zone.
14:16 of 1st period - Shot by Joona Luoto.
14:16 of 1st period - Stopped by Ken Appleby without a rebound.
14:17 of 1st period - Brent Gates wins face-off versus Austin Watson in Barracuda zone.
15:11 of 1st period - Gustav Olofsson is hit by Brent Gates.
15:15 of 1st period - Shot by Buddy Robinson.
15:15 of 1st period - Stopped by Ken Appleby without a rebound.
15:16 of 1st period - Adam Cracknell wins face-off versus Christoffer Ehn in Barracuda zone.
15:16 of 1st period - Minor Penalty to Tyrell Goulbourne for Goalie Interference.
15:17 of 1st period - Cole Koepke wins face-off versus Adam Cracknell in Bears zone.
15:34 of 1st period - Shot by Adam Cracknell .
15:34 of 1st period - Shot Misses the Net.
16:50 of 1st period - Brent Gates is hit by Chad Krys and loses puck.
17:19 of 1st period - Shot by Jordy Bellerive.
17:19 of 1st period - Shot Misses the Net.
17:29 of 1st period - Shot by Andreas Borgman.
17:29 of 1st period - Shot Misses the Net.
19:07 of 1st period - Shot by Alex Dostie.
19:07 of 1st period - Stopped by Mikhal Berdin without a rebound.
19:08 of 1st period - Arttu Ruotsalainen wins face-off versus Graham Knott in Bears zone.
19:24 of 1st period - Shot by Cole Koepke.
19:24 of 1st period - Stopped by Ken Appleby without a rebound.
19:25 of 1st period - Jay Beagle wins face-off versus Brent Gates in Barracuda zone.
19:44 of 1st period - Gustav Olofsson is hit by Alexis D'Aoust.
Goals for this period are 2 for Barracuda vs 1 for Bears .
Shots for this period are 9 for Barracuda vs 14 for Bears .

2nd period


0:01 of 2nd period - Adam Cracknell wins face-off versus Arttu Ruotsalainen in neutral zone.
0:04 of 2nd period - Justin Dowling is hit by Trent Frederic.
0:16 of 2nd period - Shot by Cole Koepke.
0:16 of 2nd period - Stopped by Ken Appleby with a rebound.
0:54 of 2nd period - Shot by Jay Beagle.
0:54 of 2nd period - Stopped by Ken Appleby without a rebound.
0:55 of 2nd period - Jay Beagle wins face-off versus Brent Gates in Barracuda zone.
0:58 of 2nd period - Shot by Jay Beagle.
0:58 of 2nd period - Stopped by Ken Appleby without a rebound.
0:59 of 2nd period - Brent Gates wins face-off versus Joona Luoto in Barracuda zone.
2:28 of 2nd period - Icing by Julius Bergman.
2:29 of 2nd period - Arttu Ruotsalainen wins face-off versus Jordy Bellerive in Barracuda zone.
2:34 of 2nd period - Shot by Justin Dowling.
2:34 of 2nd period - Deflect By Arttu Ruotsalainen.
2:34 of 2nd period - Stopped by Ken Appleby without a rebound.
2:35 of 2nd period - Adam Cracknell wins face-off versus Arttu Ruotsalainen in Barracuda zone.
2:35 of 2nd period - Matthew Phillips is hit by Cole Koepke and loses puck.
2:42 of 2nd period - Shot by Arttu Ruotsalainen.
2:42 of 2nd period - Stopped by Ken Appleby without a rebound.
2:43 of 2nd period - Arttu Ruotsalainen wins face-off versus Adam Cracknell in Barracuda zone.
2:43 of 2nd period - Arttu Ruotsalainen is hit by Nicolas Meloche.
2:47 of 2nd period - Shot by Justin Dowling.
2:47 of 2nd period - Deflect By Cole Koepke.
2:47 of 2nd period - Goal by Cole Koepke - Barracuda : 2 - Bears : 2.
2:48 of 2nd period - Adam Cracknell wins face-off versus Arttu Ruotsalainen in neutral zone.
3:14 of 2nd period - Nicolas Meloche is hit by Cole Koepke and loses puck.
5:31 of 2nd period - Shot by Joona Luoto.
5:31 of 2nd period - Stopped by Ken Appleby without a rebound.
5:32 of 2nd period - Austin Watson wins face-off versus Fredrik Olofsson in Barracuda zone.
5:45 of 2nd period - Shot by Cole Koepke.
5:45 of 2nd period - Stopped by Ken Appleby with a rebound.
6:07 of 2nd period - Shot by Austin Watson.
6:07 of 2nd period - Deflect By Cole Koepke.
6:07 of 2nd period - Shot Misses the Net.
6:33 of 2nd period - Shot by Joona Luoto.
6:33 of 2nd period - Deflect By Buddy Robinson.
6:33 of 2nd period - Shot Misses the Net.
6:40 of 2nd period - Andy Welinski is hit by Gustav Olofsson and loses puck.
7:33 of 2nd period - Shot by Andrei Altybarmakyan.
7:33 of 2nd period - Stopped by Mikhal Berdin without a rebound.
7:34 of 2nd period - Austin Watson wins face-off versus Adam Cracknell in Bears zone.
8:20 of 2nd period - Icing by Kyle Burroughs.
8:21 of 2nd period - Austin Watson wins face-off versus Jordy Bellerive in Bears zone.
8:21 of 2nd period - Andreas Borgman is hit by Graham Knott and loses puck.
8:27 of 2nd period - Kyle Burroughs is hit by Robert Bortuzzo and loses puck.
8:45 of 2nd period - Shot by Arttu Ruotsalainen.
8:45 of 2nd period - Stopped by Ken Appleby with a rebound.
8:54 of 2nd period - Tyrell Goulbourne is hit by Nicolas Meloche and loses puck.
9:02 of 2nd period - Icing by Andrei Altybarmakyan.
9:03 of 2nd period - Jordy Bellerive wins face-off versus Jay Beagle in Barracuda zone.
9:26 of 2nd period - Shot by Jay Beagle.
9:26 of 2nd period - Shot Misses the Net.
9:28 of 2nd period - Shot by Buddy Robinson.
9:28 of 2nd period - Shot Blocked by Alexis D'Aoust.
9:30 of 2nd period - Shot by Buddy Robinson.
9:30 of 2nd period - Stopped by Ken Appleby without a rebound.
9:31 of 2nd period - Christoffer Ehn wins face-off versus Adam Cracknell in Barracuda zone.
9:34 of 2nd period - Shot by Arttu Ruotsalainen.
9:34 of 2nd period - Stopped by Ken Appleby with a rebound.
9:36 of 2nd period - Shot by Arttu Ruotsalainen.
9:36 of 2nd period - Stopped by Ken Appleby without a rebound.
9:37 of 2nd period - Christoffer Ehn wins face-off versus Brent Gates in Barracuda zone.
9:46 of 2nd period - Scott Harrington is hit by Arttu Ruotsalainen and loses puck.
9:55 of 2nd period - Shot by Brent Gates.
9:55 of 2nd period - Shot Misses the Net.
9:57 of 2nd period - Shot by Scott Harrington.
9:57 of 2nd period - Stopped by Mikhal Berdin without a rebound.
9:58 of 2nd period - Austin Watson wins face-off versus Matthew Phillips in Bears zone.
10:39 of 2nd period - Matthew Phillips is hit by Beck Malenstyn and loses puck.
11:30 of 2nd period - Off-side.
11:31 of 2nd period - Jordy Bellerive wins face-off versus Tyrell Goulbourne in neutral zone.
11:37 of 2nd period - Icing by Kyle Burroughs.
11:38 of 2nd period - Jordy Bellerive wins face-off versus Christoffer Ehn in Bears zone.
11:43 of 2nd period - Shot by Andrei Altybarmakyan.
11:43 of 2nd period - Shot Blocked by Kyle Burroughs.
11:54 of 2nd period - Icing by Julius Bergman.
11:55 of 2nd period - Austin Watson wins face-off versus Jordy Bellerive in Barracuda zone.
11:55 of 2nd period - Austin Watson is hit by Julius Bergman.
12:06 of 2nd period - Icing by Julius Bergman.
12:07 of 2nd period - Justin Dowling wins face-off versus Jordy Bellerive in Barracuda zone.
12:14 of 2nd period - Cole Koepke is hit by Graham Knott and loses puck.
12:42 of 2nd period - Cole Koepke is hit by Nicolas Meloche and loses puck.
12:57 of 2nd period - Icing by Dennis Gilbert.
12:58 of 2nd period - Arttu Ruotsalainen wins face-off versus Alex Dostie in Bears zone.
13:13 of 2nd period - Shot by Jay Beagle.
13:13 of 2nd period - Shot Blocked by Andy Welinski.
13:58 of 2nd period - Minor Penalty to Trent Frederic for Tripping.
13:59 of 2nd period - Graham Knott wins face-off versus Arttu Ruotsalainen in Barracuda zone.
14:20 of 2nd period - Shot by Justin Dowling.
14:20 of 2nd period - Shot Misses the Net.
14:22 of 2nd period - Shot by Arttu Ruotsalainen.
14:22 of 2nd period - Stopped by Ken Appleby with a rebound.
14:24 of 2nd period - Shot by Chad Krys.
14:24 of 2nd period - Stopped by Ken Appleby without a rebound.
14:25 of 2nd period - Adam Cracknell wins face-off versus Jay Beagle in Barracuda zone.
14:50 of 2nd period - Shot by Jay Beagle.
14:50 of 2nd period - Stopped by Ken Appleby without a rebound.
14:51 of 2nd period - Arttu Ruotsalainen wins face-off versus Adam Cracknell in Barracuda zone.
15:10 of 2nd period - Shot by Chad Krys.
15:10 of 2nd period - Goal by Chad Krys - Barracuda : 2 - Bears : 3.
15:11 of 2nd period - Jordy Bellerive wins face-off versus Austin Watson in neutral zone.
16:10 of 2nd period - Andreas Borgman is hit by Brent Gates and loses puck.
17:14 of 2nd period - Adam Cracknell is hit by Christoffer Ehn and loses puck.
17:32 of 2nd period - Minor Penalty to Scott Harrington for Holding.
17:33 of 2nd period - Joona Luoto wins face-off versus Adam Cracknell in Barracuda zone.
17:48 of 2nd period - Shot by Chad Krys.
17:48 of 2nd period - Stopped by Ken Appleby without a rebound.
17:49 of 2nd period - Adam Cracknell wins face-off versus Arttu Ruotsalainen in Barracuda zone.
18:12 of 2nd period - Shot by Chad Krys.
18:12 of 2nd period - Stopped by Ken Appleby without a rebound.
18:13 of 2nd period - Adam Cracknell wins face-off versus Jay Beagle in Barracuda zone.
18:48 of 2nd period - Shot by Buddy Robinson.
18:48 of 2nd period - Stopped by Ken Appleby without a rebound.
18:49 of 2nd period - Adam Cracknell wins face-off versus Arttu Ruotsalainen in Barracuda zone.
19:02 of 2nd period - Shot by Chad Krys.
19:02 of 2nd period - Stopped by Ken Appleby without a rebound.
19:03 of 2nd period - Arttu Ruotsalainen wins face-off versus Brent Gates in Barracuda zone.
19:16 of 2nd period - Shot by Chad Krys.
19:16 of 2nd period - Stopped by Ken Appleby without a rebound.
19:17 of 2nd period - Jay Beagle wins face-off versus Adam Cracknell in Barracuda zone.
19:46 of 2nd period - Shot by Tyrell Goulbourne.
19:46 of 2nd period - Shot Misses the Net.
19:48 of 2nd period - Shot by Arttu Ruotsalainen.
19:48 of 2nd period - Shot Misses the Net.
19:56 of 2nd period - Shot by Christoffer Ehn.
19:56 of 2nd period - Shot Misses the Net.
19:58 of 2nd period - Shot by Kyle Burroughs.
19:58 of 2nd period - Shot Misses the Net.
Goals for this period are 0 for Barracuda vs 2 for Bears .
Shots for this period are 2 for Barracuda vs 21 for Bears .

3rd period


0:01 of 3rd period - Adam Cracknell wins face-off versus Arttu Ruotsalainen in neutral zone.
0:08 of 3rd period - Shot by Matthew Phillips.
0:08 of 3rd period - Stopped by Mikhal Berdin without a rebound.
0:09 of 3rd period - Adam Cracknell wins face-off versus Arttu Ruotsalainen in Bears zone.
0:09 of 3rd period - Adam Cracknell is hit by Jordie Benn.
0:13 of 3rd period - Shot by Trent Frederic.
0:13 of 3rd period - Deflect By Adam Cracknell .
0:13 of 3rd period - Shot Misses the Net.
0:33 of 3rd period - Shot by Arttu Ruotsalainen.
0:33 of 3rd period - Shot Misses the Net.
1:17 of 3rd period - Shot by Joona Luoto.
1:17 of 3rd period - Stopped by Ken Appleby without a rebound.
1:18 of 3rd period - Austin Watson wins face-off versus Jordy Bellerive in Barracuda zone.
1:18 of 3rd period - Austin Watson is hit by Bode Wilde.
1:46 of 3rd period - Shot by Andrei Altybarmakyan.
1:46 of 3rd period - Stopped by Mikhal Berdin without a rebound.
1:47 of 3rd period - Jay Beagle wins face-off versus Brent Gates in Bears zone.
1:55 of 3rd period - Chad Krys is hit by Scott Harrington and loses puck.
2:46 of 3rd period - Shot by Trent Frederic.
2:46 of 3rd period - Stopped by Mikhal Berdin without a rebound.
2:47 of 3rd period - Graham Knott wins face-off versus Arttu Ruotsalainen in Bears zone.
4:18 of 3rd period - Icing by Adam Cracknell .
4:19 of 3rd period - Adam Cracknell wins face-off versus Jay Beagle in Barracuda zone.
4:25 of 3rd period - Nicolas Meloche is hit by Dennis Gilbert and loses puck.
4:36 of 3rd period - Shot by Alex Dostie.
4:36 of 3rd period - Shot Blocked by Chad Krys.
4:38 of 3rd period - Shot by Scott Harrington.
4:38 of 3rd period - Shot Misses the Net.
4:40 of 3rd period - Shot by Brent Gates.
4:40 of 3rd period - Shot Blocked by Chad Krys.
4:42 of 3rd period - Shot by Brent Gates.
4:42 of 3rd period - Deflect By Alex Dostie.
4:42 of 3rd period - Stopped by Mikhal Berdin with a rebound.
4:44 of 3rd period - Shot by Scott Harrington.
4:44 of 3rd period - Stopped by Mikhal Berdin without a rebound.
4:45 of 3rd period - Christoffer Ehn wins face-off versus Jordy Bellerive in Bears zone.
4:52 of 3rd period - Shot by Andrei Altybarmakyan.
4:52 of 3rd period - Shot Misses the Net.
4:54 of 3rd period - Shot by Graham Knott.
4:54 of 3rd period - Stopped by Mikhal Berdin without a rebound.
4:55 of 3rd period - Brent Gates wins face-off versus Austin Watson in Bears zone.
5:10 of 3rd period - Shot by Alex Dostie.
5:10 of 3rd period - Shot Misses the Net.
5:26 of 3rd period - Shot by Austin Watson.
5:26 of 3rd period - Shot Misses the Net.
6:05 of 3rd period - Shot by Joona Luoto.
6:05 of 3rd period - Deflect By Jay Beagle.
6:05 of 3rd period - Shot Misses the Net.
6:25 of 3rd period - Shot by Anatoly Golyshev.
6:25 of 3rd period - Shot Misses the Net.
7:31 of 3rd period - Minor Penalty to Cole Koepke for Roughing.
7:32 of 3rd period - Beck Malenstyn wins face-off versus Brent Gates in Bears zone.
7:43 of 3rd period - Gustav Olofsson is hit by Alex Dostie and loses puck.
8:24 of 3rd period - Shot by Scott Harrington.
8:24 of 3rd period - Stopped by Mikhal Berdin with a rebound.
8:26 of 3rd period - Shot by Trent Frederic.
8:26 of 3rd period - Stopped by Mikhal Berdin with a rebound.
8:28 of 3rd period - Shot by Andy Welinski.
8:28 of 3rd period - Stopped by Mikhal Berdin with a rebound.
8:36 of 3rd period - Shot by Adam Cracknell .
8:36 of 3rd period - Shot Misses the Net.
8:38 of 3rd period - Shot by Adam Cracknell .
8:38 of 3rd period - Shot Misses the Net.
8:40 of 3rd period - Shot by Matthew Phillips.
8:40 of 3rd period - Shot Misses the Net.
8:42 of 3rd period - Shot by Scott Harrington.
8:42 of 3rd period - Shot Misses the Net.
8:44 of 3rd period - Shot by Adam Cracknell .
8:44 of 3rd period - Shot Misses the Net.
8:48 of 3rd period - Shot by Matthew Phillips.
8:48 of 3rd period - Stopped by Mikhal Berdin without a rebound.
8:49 of 3rd period - Brent Gates wins face-off versus Beck Malenstyn in Bears zone.
9:02 of 3rd period - Shot by Brent Gates.
9:02 of 3rd period - Shot Misses the Net.
9:04 of 3rd period - Shot by Alex Dostie.
9:04 of 3rd period - Shot Misses the Net.
9:06 of 3rd period - Shot by Nicolas Meloche.
9:06 of 3rd period - Goal by Nicolas Meloche - Barracuda : 3 - Bears : 3.
9:07 of 3rd period - Andrei Altybarmakyan wins face-off versus Austin Watson in neutral zone.
9:17 of 3rd period - Shot by Beck Malenstyn.
9:17 of 3rd period - Stopped by Ken Appleby without a rebound.
9:18 of 3rd period - Adam Cracknell wins face-off versus Austin Watson in Barracuda zone.
9:30 of 3rd period - Shot by Andreas Borgman.
9:30 of 3rd period - Shot Misses the Net.
9:32 of 3rd period - Shot by Austin Watson.
9:32 of 3rd period - Stopped by Ken Appleby without a rebound.
9:33 of 3rd period - Jordy Bellerive wins face-off versus Arttu Ruotsalainen in Barracuda zone.
9:51 of 3rd period - Arttu Ruotsalainen is hit by Nicolas Meloche and loses puck.
10:08 of 3rd period - Off-side.
10:09 of 3rd period - Jay Beagle wins face-off versus Adam Cracknell in neutral zone.
10:29 of 3rd period - Shot by Buddy Robinson.
10:29 of 3rd period - Deflect By Jay Beagle.
10:29 of 3rd period - Stopped by Ken Appleby without a rebound.
10:30 of 3rd period - Brent Gates wins face-off versus Austin Watson in Barracuda zone.
10:37 of 3rd period - Shot by Brent Gates.
10:37 of 3rd period - Shot Misses the Net.
10:39 of 3rd period - Shot by Julius Bergman.
10:39 of 3rd period - Shot Blocked by Kyle Burroughs.
10:41 of 3rd period - Shot by Bode Wilde.
10:41 of 3rd period - Stopped by Mikhal Berdin without a rebound.
10:42 of 3rd period - Jay Beagle wins face-off versus Adam Cracknell in Bears zone.
11:11 of 3rd period - Off-side.
11:12 of 3rd period - Brent Gates wins face-off versus Arttu Ruotsalainen in neutral zone.
11:34 of 3rd period - Shot by Andy Welinski.
11:34 of 3rd period - Shot Misses the Net.
11:45 of 3rd period - Off-side.
11:46 of 3rd period - Jay Beagle wins face-off versus Adam Cracknell in neutral zone.
12:01 of 3rd period - Shot by Joona Luoto.
12:01 of 3rd period - Shot Blocked by Matthew Phillips.
12:03 of 3rd period - Shot by Gustav Olofsson.
12:03 of 3rd period - Shot Misses the Net.
12:05 of 3rd period - Shot by Joona Luoto.
12:05 of 3rd period - Shot Blocked by Robert Bortuzzo.
12:07 of 3rd period - Shot by Jay Beagle.
12:07 of 3rd period - Shot Misses the Net.
12:09 of 3rd period - Shot by Joona Luoto.
12:09 of 3rd period - Stopped by Ken Appleby without a rebound.
12:10 of 3rd period - Austin Watson wins face-off versus Jordy Bellerive in Barracuda zone.
12:13 of 3rd period - Shot by Beck Malenstyn.
12:13 of 3rd period - Stopped by Ken Appleby without a rebound.
12:14 of 3rd period - Brent Gates wins face-off versus Arttu Ruotsalainen in Barracuda zone.
12:14 of 3rd period - Andy Welinski is hit by Justin Dowling and loses puck.
13:24 of 3rd period - Joona Luoto is hit by Andy Welinski and loses puck.
13:59 of 3rd period - Jordie Benn is hit by Trent Frederic.
14:12 of 3rd period - Icing by Jordie Benn.
14:13 of 3rd period - Jordy Bellerive wins face-off versus Jay Beagle in Bears zone.
14:14 of 3rd period - Shot by Bode Wilde.
14:14 of 3rd period - Shot Blocked by Jay Beagle.
14:54 of 3rd period - Shot by Beck Malenstyn.
14:54 of 3rd period - Deflect By Austin Watson.
14:54 of 3rd period - Stopped by Ken Appleby without a rebound.
14:55 of 3rd period - Adam Cracknell wins face-off versus Christoffer Ehn in Barracuda zone.
14:55 of 3rd period - Adam Cracknell is hit by Tyrell Goulbourne.
14:58 of 3rd period - Trent Frederic is hit by Arttu Ruotsalainen and loses puck.
15:27 of 3rd period - Shot by Christoffer Ehn.
15:27 of 3rd period - Shot Misses the Net.
16:05 of 3rd period - Shot by Cole Koepke.
16:05 of 3rd period - Stopped by Ken Appleby without a rebound.
16:06 of 3rd period - Brent Gates wins face-off versus Jay Beagle in Barracuda zone.
16:06 of 3rd period - Brent Gates is hit by Jay Beagle.
16:26 of 3rd period - Andy Welinski is hit by Buddy Robinson.
16:29 of 3rd period - Scott Harrington is hit by Jordie Benn and loses puck.
17:15 of 3rd period - Shot by Justin Dowling.
17:15 of 3rd period - Shot Blocked by Bode Wilde.
17:17 of 3rd period - Shot by Arttu Ruotsalainen.
17:17 of 3rd period - Stopped by Ken Appleby without a rebound.
17:18 of 3rd period - Christoffer Ehn wins face-off versus Fredrik Olofsson in Barracuda zone.
17:18 of 3rd period - Christoffer Ehn is hit by Bode Wilde.
17:20 of 3rd period - Shot by Arttu Ruotsalainen.
17:20 of 3rd period - Shot Blocked by Julius Bergman.
17:28 of 3rd period - Shot by Christoffer Ehn.
17:28 of 3rd period - Shot Misses the Net.
17:36 of 3rd period - Anatoly Golyshev is hit by Tyrell Goulbourne and loses puck.
17:42 of 3rd period - Icing by Adam Cracknell .
17:43 of 3rd period - Austin Watson wins face-off versus Fredrik Olofsson in Barracuda zone.
17:48 of 3rd period - Shot by Kyle Burroughs.
17:48 of 3rd period - Shot Misses the Net.
18:23 of 3rd period - Cole Koepke is hit by Julius Bergman and loses puck.
19:35 of 3rd period - Shot by Alex Dostie.
19:35 of 3rd period - Shot Blocked by Dennis Gilbert.
19:52 of 3rd period - Shot by Arttu Ruotsalainen.
19:52 of 3rd period - Stopped by Ken Appleby without a rebound.
19:53 of 3rd period - Jordy Bellerive wins face-off versus Arttu Ruotsalainen in Barracuda zone.
Goals for this period are 1 for Barracuda vs 0 for Bears .
Shots for this period are 12 for Barracuda vs 10 for Bears .

Overtime #1


0:01 of 1st overtime period - Maxim Letunov wins face-off versus Alex Dostie in neutral zone.
0:06 of 1st overtime period - Shot by Maxim Letunov.
0:06 of 1st overtime period - Stopped by Ken Appleby without a rebound.
0:07 of 1st overtime period - Justin Dowling wins face-off versus Alex Dostie in Barracuda zone.
0:36 of 1st overtime period - Shot by Justin Dowling.
0:36 of 1st overtime period - Stopped by Ken Appleby without a rebound.
0:37 of 1st overtime period - Justin Dowling wins face-off versus Alex Dostie in Barracuda zone.
1:03 of 1st overtime period - Shot by Alex Dostie.
1:03 of 1st overtime period - Stopped by Mikhal Berdin without a rebound.
1:04 of 1st overtime period - Trent Frederic wins face-off versus Justin Dowling in Bears zone.
1:13 of 1st overtime period - Shot by Fredrik Olofsson.
1:13 of 1st overtime period - Deflect By Trent Frederic.
1:13 of 1st overtime period - Stopped by Mikhal Berdin without a rebound.
1:14 of 1st overtime period - Graham Knott wins face-off versus Maxim Letunov in Bears zone.
1:19 of 1st overtime period - Shot by Graham Knott.
1:19 of 1st overtime period - Stopped by Mikhal Berdin without a rebound.
1:20 of 1st overtime period - Alex Dostie wins face-off versus Justin Dowling in Bears zone.
1:41 of 1st overtime period - Shot by Graham Knott.
1:41 of 1st overtime period - Stopped by Mikhal Berdin without a rebound.
1:42 of 1st overtime period - Maxim Letunov wins face-off versus Trent Frederic in Bears zone.
2:46 of 1st overtime period - Icing by Alex Dostie.
2:47 of 1st overtime period - Alex Dostie wins face-off versus Justin Dowling in Barracuda zone.
2:54 of 1st overtime period - Shot by Fredrik Olofsson.
2:54 of 1st overtime period - Stopped by Mikhal Berdin without a rebound.
2:55 of 1st overtime period - Trent Frederic wins face-off versus Justin Dowling in Bears zone.
3:02 of 1st overtime period - Shot by Trent Frederic.
3:02 of 1st overtime period - Stopped by Mikhal Berdin without a rebound.
3:03 of 1st overtime period - Justin Dowling wins face-off versus Trent Frederic in Bears zone.
3:16 of 1st overtime period - Shot by Ryan Gropp.
3:16 of 1st overtime period - Stopped by Ken Appleby without a rebound.
3:17 of 1st overtime period - Justin Dowling wins face-off versus Trent Frederic in Barracuda zone.
3:28 of 1st overtime period - Shot by Tyrell Goulbourne.
3:28 of 1st overtime period - Shot Misses the Net.
3:30 of 1st overtime period - Shot by Tyrell Goulbourne.
3:30 of 1st overtime period - Stopped by Ken Appleby without a rebound.
3:31 of 1st overtime period - Alex Dostie wins face-off versus Maxim Letunov in Barracuda zone.
Goals for this period are 0 for Barracuda vs 0 for Bears .
Shots for this period are 6 for Barracuda vs 4 for Bears .

ShootOut


5:00 of 1st overtime period - Round #1.
5:00 of 1st overtime period - Barracuda, Adam Cracknell .
5:00 of 1st overtime period - Stopped by Mikhal Berdin.
5:00 of 1st overtime period - Bears , Cole Koepke.
5:00 of 1st overtime period - Goal by Cole Koepke.
5:00 of 1st overtime period - Round #2.
5:00 of 1st overtime period - Barracuda, Trent Frederic.
5:00 of 1st overtime period - Goal by Trent Frederic.
5:00 of 1st overtime period - Bears , Arttu Ruotsalainen.
5:00 of 1st overtime period - Stopped by Ken Appleby.
5:00 of 1st overtime period - Round #3.
5:00 of 1st overtime period - Barracuda, Brent Gates.
5:00 of 1st overtime period - Stopped by Mikhal Berdin.
5:00 of 1st overtime period - Bears , Justin Dowling.
5:00 of 1st overtime period - Shot Misses the Net.
5:00 of 1st overtime period - Round #4.
5:00 of 1st overtime period - Barracuda, Matthew Phillips.
5:00 of 1st overtime period - Goal by Matthew Phillips.
5:00 of 1st overtime period - Bears , Joona Luoto.
5:00 of 1st overtime period - Stopped by Ken Appleby.